 Dungeon Crawl Stone Soup version 0.27.1-33-g824d729ab1 (webtiles) character file.

Game seed: 1189670100013623597

9842 zeram the Nimble (level 11, -11/43 (51) HPs)
             Began as a Spriggan Fighter on Dec 26, 2021.
             Was an Initiate of Gozag.
             Hit by a javelin thrown by Urug (29 damage)
             ... on level 12 of the Dungeon.
             The game lasted 00:24:54 (13664 turns).

zeram the Nimble (Spriggan Fighter)                Turns: 13664, Time: 00:24:54

HP:   -11/43 (51)   AC:  4    Str: 12    XL:     11   Next: 28%
MP:   12/12         EV: 25    Int: 12    God:    Gozag
Gold: 904           SH:  9    Dex: 16    Spells: 8/10 levels left

rFire    . . .     SeeInvis +   e - +5 dagger (venom)
rCold    + . .     Faith    .   c - +1 buckler
rNeg     . . .     Spirit   .   z - +2 robe {rC+}
rPois    .         Reflect  .   (helmet restricted)
rElec    .         Harm     .   t - scarf {repulsion}
rCorr    .         Rampage  .   (gloves unavailable)
Will     +....                  (boots unavailable)
Stlth    ++++......             x - amulet of regeneration
HPRegen  1.14/turn              q - ring of flight
MPRegen  0.13/turn              (no ring)

@: gold aura, flying, heavily drained, repel missiles, very quick
A: very small, no large weapons, unfitting armour, see invisible, speed 3
a: Renounce Religion, Potion Petition, Call Merchant, Bribe Branch


You were on level 12 of the Dungeon.
You worshipped Gozag.
Gozag was pleased with you.
You visited 1 branch of the dungeon, and saw 12 of its levels.

You collected 2164 gold pieces.
You spent 1163 gold pieces at shops.
You paid 97 gold pieces to Gozag.

Inventory:

Hand Weapons
 a - a +0 rapier
 e - a +5 dagger of venom (weapon)
 i - a +0 vampiric dagger
Missiles
 f - 81 poisoned darts (quivered)
 l - 3 throwing nets
Armour
 b - a +0 robe
 c - a +1 buckler (worn)
 t - a scarf of repulsion (worn)
 z - a +2 robe of cold resistance (worn)
 A - a scarf of invisibility
Jewellery
 d - a ring of ice
 q - a ring of flight (left hand)
 w - an amulet of the acrobat
 x - an amulet of regeneration (around neck)
Wands
 h - a wand of acid (21)
 o - a wand of iceblast (11)
 s - a wand of charming (9)
 u - a wand of paralysis (13)
Scrolls
 j - a scroll of teleportation
 B - 3 scrolls of brand weapon
 C - a scroll of amnesia
Potions
 g - 5 potions of flight
 k - 2 potions of brilliance
 m - a potion of curing
 n - a potion of haste
 p - 3 potions of lignification
 r - 2 potions of ambrosia
 v - a potion of degeneration


   Skills:
 - Level 2.4 Fighting
 + Level 10.3 Short Blades
 + Level 3.3 Throwing
 + Level 12.8 Dodging
 + Level 9.9 Stealth
 + Level 7.4 Shields


You had 8 spell levels left.
You knew the following spells:

 Your Spells              Type           Power      Damage    Failure   Level
a - Poisonous Vapours     Pois/Air       0%         N/A       45%         2

Your spell library contained the following spells:

 Spells                   Type           Power      Damage    Failure   Level
 Corpse Rot               Necr/Air       N/A        N/A       45%         2
 Inner Flame              Hex/Fire       0%         N/A       69%         3
 Stone Arrow              Conj/Erth      0%         3d7       69%         3
 Animate Armour           Summ/Erth      0%         N/A       97%         4
 Cause Fear               Hex            0%         N/A       97%         4
 Dispel Undead            Necr           0%         3d6       97%         4
 Hailstorm                Conj/Ice       0%         3d3       97%         4
 Ice Form                 Ice/Tmut       0%         N/A       97%         4
 Freezing Cloud           Conj/Ice/Air   0%         6-21      100%        5
 Death Channel            Necr           0%         N/A       100%        6
 Simulacrum               Ice/Necr       0%         N/A       100%        6
 Dragon Form              Tmut           0%         N/A       100%        7
 Discord                  Hex            0%         N/A       100%        8
 Lehudib's Crystal Spear  Conj/Erth      0%         10d2      100%        8
 Dragon's Call            Summ           0%         N/A       100%        9


Dungeon Overview and Level Annotations

Branches:
Dungeon (12/15)            Temple (0/1) D:4
   Lair: D:8-11         Orc: D:9-12

Altars:
Ashenzari
Dithmenos
Elyvilon
Gozag
Hepliaklqana
Nemelex Xobeh
Ru
Trog
Uskayaw
Vehumet
Xom
The Shining One

Shops:
D:2 (   D:5 (   D:8 *   D:10 *

Annotations:
D:12 Nessos, Urug


Innate Abilities, Weirdness & Mutations

You are very small and have problems with some larger weapons.
You are too small for most types of armour.
You have supernaturally acute eyesight. (SInv)
You cover ground extremely quickly. (Speed+++)


Message History

Urug is nearby!
Urug is nearby!
Urug shouts!
Urug hits you from afar with a +0 demon trident of draining!
You feel drained. You block Urug's attack.
You hit Urug but do no damage. You hit Urug.
Urug is poisoned.
Urug is lightly wounded.
Urug completely misses you.
You closely miss Urug.
Urug is lightly wounded.
You hit Urug but do no damage.
Urug looks as sick as possible!
Urug is lightly wounded.
Urug hits you with a +0 demon trident of draining.
You feel drained.
You hit Urug.
Urug looks as sick as possible!
Urug is lightly wounded.
You hit Urug.
Urug looks as sick as possible!
Urug is lightly wounded.
Urug hits you with a +0 demon trident of draining!
You feel drained.
You hit Urug but do no damage.
Urug is lightly wounded.
You barely miss Urug.
Urug is lightly wounded.
Urug misses you.
You hit Urug but do no damage.
Urug looks as sick as possible!
Urug is lightly wounded.
You hit Urug but do no damage.
Urug is lightly wounded.
Urug hits you with a +0 demon trident of draining!
You feel drained.
* * * LOW HITPOINT WARNING * * *
Urug screams, "I'm goin' to kill you!
Now!"
Urug screams, "Die, harpy!"
Urug throws a javelin.
The javelin pierces through you!!
Ouch! That really hurt!
You die...
Your body crumbles into a pile of gold.

.....########........##
......................#$
..##########........#####.##
..#(.......#........'......#
..'........#........#......# .
..#........#........#......# ...
..+........#........########....
..#........#....................
..##########....@....o..........
..............#########.........
.###'####.....# #.........
##......#.....# #.........
..<.....#.....# #.........
......###.....#########.........
......#.........................
......#...........(.............
......#........................


You could see Urug (extremely poisoned).

Vanquished Creatures
  Fannar (D:11)
  A two-headed ogre (D:11)
  Nergalle (D:11)
  A manticore (D:11)
  A cyclops (D:12)
  An unseen horror (D:11)
  3 komodo dragons
  A hornet (D:7)
  A meliai zombie (D:8)
  A basilisk (D:12)
  3 yaks (D:11)
  2 wraiths (D:11)
  A wyvern (D:10)
  2 vampire mosquitoes (D:12)
  An acid dragon (D:10)
  A water moccasin (D:6)
  4 orc warriors
  2 sky beasts
  A black bear (D:8)
  2 ogres
  A necrophage (D:6)
  9 centaurs
  5 kobold brigands
  A bullfrog (D:7)
  A gnoll sergeant (D:5)
  3 scorpions
  A wyvern skeleton (D:7)
  5 killer bees (D:10)
  3 howler monkeys
  A bullfrog zombie (D:5)
  4 orc priests
  3 centaur zombies
  A gnoll shaman (D:8)
  2 jellies
  A bullfrog skeleton (D:4)
  A centaur skeleton (D:6)
  5 orc wizards
  Natasha (thrice) (D:3)
  An iguana (D:4)
  A killer bee zombie (D:6)
  2 howler monkey zombies
  3 adders
  18 gnolls
  A shadow imp (D:6)
  A white imp (D:6)
  3 ufetubi
  4 worms
  23 orcs
  7 ball pythons
  8 endoplasms
  12 giant cockroaches
  11 goblins
  6 hobgoblins
  3 jackals (D:4)
  5 quokkas
  10 bats
  2 frilled lizards (D:1)
  72 kobolds
  7 rats
281 creatures vanquished.

Vanquished Creatures (others)
  5 fungi (D:9)
  6 plants
11 creatures vanquished.

Grand Total: 292 creatures vanquished

Notes
Turn   | Place    | Note
-------+----------+-------------------------------------------
     0 | D:1      | zeram the Spriggan Fighter began the quest for the Orb.
     0 | D:1      | Reached XP level 1. HP: 11/11 MP: 2/2
   173 | D:1      | Reached XP level 2. HP: 16/16 MP: 3/3
   983 | D:2      | Reached XP level 3. HP: 19/19 MP: 4/4
  1896 | D:2      | Reached skill level 5 in Dodging
  1926 | D:2      | Reached skill level 1 in Stealth
  2188 | D:2      | Reached XP level 4. HP: 15/23 MP: 5/5
  2352 | D:2      | Found Vycig's Antique Weapon Boutique.
  2778 | D:3      | Noticed Natasha
  2795 | D:3      | Killed Natasha
  2796 | D:3      | Reached XP level 5. HP: 15/27 MP: 6/6
  2899 | D:3      | Noticed Natasha
  2911 | D:3      | Killed Natasha
  3036 | D:3      | Found a hide-covered altar of Uskayaw.
  3044 | D:3      | Noticed Natasha
  3053 | D:3      | Killed Natasha
  3375 | D:3      | Found a broken altar of Ashenzari.
  3375 | D:3      | Noticed a moth of wrath
  3380 | D:3      | Found a bloodstained altar of Trog.
  3903 | D:4      | Reached skill level 6 in Dodging
  3903 | D:4      | Reached XP level 6. HP: 22/32 MP: 7/7
  4363 | D:4      | Found a glowing golden altar of the Shining One.
  4779 | D:4      | Learned a level 2 spell: Poisonous Vapours
  4780 | D:4      | Found an opulent altar of Gozag.
  4938 | D:4      | Became a worshipper of Gozag Ym Sagoz the Greedy
  4961 | D:4      | Found a staircase to the Ecumenical Temple.
  5179 | D:5      | Entered Level 5 of the Dungeon
  5342 | D:5      | Found Qigoiq's Weapon Boutique.
  5425 | D:5      | Found a white marble altar of Elyvilon.
  5724 | D:5      | Noticed a sky beast
  5839 | D:5      | Reached skill level 5 in Short Blades
  5839 | D:5      | Reached XP level 7. HP: 10/35 MP: 8/8
  6332 | D:5      | Reached skill level 1 in Throwing
  6839 | D:5      | Reached skill level 7 in Dodging
  7604 | D:6      | Reached XP level 8. HP: 15/39 MP: 9/9
  7834 | D:6      | Found a sparkling altar of Nemelex Xobeh.
  8104 | D:6      | Reached skill level 5 in Stealth
  8598 | D:6      | Reached skill level 8 in Dodging
  8871 | D:7      | Found a shimmering altar of Xom.
  9475 | D:7      | Found a shadowy altar of Dithmenos.
  9534 | D:7      | Found a radiant altar of Vehumet.
  9590 | D:7      | Noticed a hornet
  9592 | D:7      | Killed a hornet
  9732 | D:7      | Reached XP level 9. HP: 38/43 MP: 10/10
  9827 | D:8      | Found a sacrificial altar of Ru.
  9846 | D:8      | Reached skill level 5 in Shields
 10483 | D:8      | Found Kilan's Gadget Gallery.
 10491 | D:8      | Bought a wand of paralysis (5) for 91 gold pieces
 10491 | D:8      | Bought a wand of acid (13) for 442 gold pieces
 10562 | D:8      | Reached skill level 9 in Dodging
 11248 | D:9      | You are sucked into a shaft and drop 1 floor!
 11248 | D:10     | Entered Level 10 of the Dungeon
 11262 | D:10     | Found Hoezit's Neck Hole.
 11275 | D:10     | Bought a scarf of repulsion for 180 gold pieces
 11598 | D:10     | Bought an amulet of regeneration for 450 gold pieces
 11671 | D:10     | Found a hazy altar of Hepliaklqana.
 11707 | D:10     | Reached skill level 10 in Dodging
 11782 | D:10     | Noticed a komodo dragon
 11822 | D:10     | Killed a komodo dragon
 11943 | D:10     | Reached XP level 10. HP: 45/47 MP: 11/11
 12303 | D:11     | Reached skill level 11 in Dodging
 12356 | D:11     | Noticed Fannar
 12382 | D:11     | Killed Fannar
 12474 | D:11     | Noticed Nergalle
 12475 | D:11     | Noticed a two-headed ogre
 12526 | D:11     | Noticed a spectral orc warlord
 12668 | D:11     | Noticed a manticore
 12690 | D:11     | Killed a manticore
 12806 | D:11     | Reached skill level 12 in Dodging
 12921 | D:11     | Reached skill level 10 in Short Blades
 13058 | D:11     | Killed Nergalle
 13059 | D:11     | Reached XP level 11. HP: 49/51 MP: 12/12
 13112 | D:11     | Killed a two-headed ogre
 13449 | D:12     | Noticed Nessos
 13453 | D:12     | Noticed Urug
 13664 | D:12     | Hit by a javelin thrown by Urug

Illustrated notes

Levels and vault maps discovered:
D:1:      scummos_arrival_simple_fountains, layout_loops_ring
D:2:      minmay_roachtagon, layout_rooms, serial_shops, shop
D:3:      layout_rooms, mainiacjoe_overflow_alcove_1, lemuel_crystal_altar,
          tgw_trog, uniq_natasha
D:4:      layout_basic, amcnicky_altar_gilded, kennysheep_little_box,
          minmay_temple_entry_enclosed_plants
D:5:      minmay_goblin_kobold_castle, layout_loops_ring,
          nicolae_elyvilon_temple_path, cheibrodos_sewer_entry_bend,
          serial_shops, shop_fountains, serial_bayou_crossing
D:6:      layout_gridville, nemelex_spade_bored_becter
D:7:      layout_loops_cross, mainiacjoe_overflow_six_doors_small,
          nicolae_dithmenos_the_darkroom, mainiacjoe_overflow_tiny_flanked,
          hangedman_glass_teeth, minmay_fractal_squares_gapless_5
D:8:      layout_basic, nicolae_ru_sacrificial_ziggurat, nicolae_shop_gadgets
D:9:      lemuel_ogre_cave, layout_basic, mainiacjoe_overflow_cross_hatched,
          grunt_lair_entry_orc_guard_hut, orc_0_dummy, serial_bayou,
          serial_bayou_pond_d, serial_bayou_ford_a, serial_bayou_pond_d,
          serial_bayou_lake_a, uniq_harold
D:10:     layout_basic, nzn_hepliaklqana_mist_gate, serial_bayou_pond_a,
          nicolae_shop_sticking_my_neck_out
D:11:     layout_roguey, chequers_serial_rivers_micro_e, uniq_erolcha,
          uniq_fannar, uniq_nergalle
D:12:     layout_irregular_city, nicolae_gozag_cash_rules_everything_around_me,
          uniq_urug, uniq_nessos

Skill      XL: |  1  2  3  4  5  6  7  8  9 10 |
---------------+-------------------------------+-----
Short Blades   | 3 4 5 6 7 9 10 | 10.3
Dodging        | 5 6 7 8 10 12 | 12.8
Stealth        | 1 2 3 4 6 8 9 |  9.9
Shields        | 3 4 5 7 |  7.4
Throwing       | 2 3 |  3.3
Fighting       | |  2.4

Action                   |  1- 3 |  4- 6 |  7- 9 | 10-12 || total
-------------------------+-------+-------+-------+-------++-------
Melee: Rapier            |    88 |       |       |       ||    88
       Dagger            |    44 |   225 |   583 |   297 ||  1149
Throw: Dart              |       |    14 |    12 |     5 ||    31
  Use: Scroll            |     2 |     7 |     5 |     5 ||    19
       Potion            |       |     2 |     1 |     1 ||     4
 Stab: Sleeping          |     1 |     3 |     5 |     4 ||    13
       Distracted        |       |     1 |     3 |     4 ||     8
Armor: Robe              |    10 |     6 |    25 |    22 ||    63
Dodge: Dodged            |   116 |   165 |   263 |   189 ||   733
       Repelled          |       |       |     2 |       ||     2
Block: Buckler           |    35 |    62 |   161 |   107 ||   365
